TOP OF THE 1ST |
---|
San Diego Smashers batting - Pitching for Menlo Maniacs : RHP Juan Caballero | Pitching: RHP Juan Caballero | | Batting: LHB Dale Miller | 0-0: Ball 1-0: Swinging Strike 1-1: Ball 2-1: Ball 3-1: Base on Balls | Batting: RHB Gustavo Torres | 0-0: SINGLE (Line Drive, 34D) Dale Miller to second | Batting: LHB John White | 0-0: Called Strike 0-1: Grounds out, U3 (Groundball, 3L) Dale Miller to third | Batting: LHB Steven Smith | 0-0: Called Strike 0-1: Called Strike 0-2: Ball 1-2: Ball 2-2: Ball 3-2: Base on Balls | Batting: RHB Gerald Davis | 0-0: Called Strike 0-1: SINGLE (Line Drive, 56D) Dale Miller scores Gustavo Torres to third Steven Smith to second Runner from 3rd tries for Home, SAFE, no throw | Batting: LHB Richard Brooks | 0-0: Ball 1-0: Ball 2-0: Ground out 4-3 (Groundball, 4S) Steven Smith to third Gerald Davis to second | Batting: RHB Ray Rogers | 0-0: SINGLE (Groundball, 6MD) Steven Smith scores Gerald Davis to third Runner from 3rd tries for Home, SAFE, throw made home | Batting: SHB Michael Aisher | 0-0: Ball 1-0: Ball 2-0: Ball 3-0: Called Strike 3-1: Base on Balls Ray Rogers to second | Batting: RHB Dave King | 0-0: 3-RUN HOME RUN (Line Drive, 78XD), Distance : 397 ft | Batting: LHB Dale Miller | 0-0: Hit by Pitch | Batting: RHB Gustavo Torres | 0-0: Ball 1-0: Fielders Choice at 2nd, 6-4 (Groundball, 6) | Top of the 1st over - 7 runs, 4 hits, 0 errors, 1 left on base; San Diego 7 - Menlo 0 | BOTTOM OF THE 1ST |
---|
Menlo Maniacs batting - Pitching for San Diego Smashers : RHP Tony Fullerton | Pitching: RHP Tony Fullerton | | Batting: SHB Ryan Holcomb | 0-0: Ball 1-0: Ball 2-0: Called Strike 2-1: Foul Ball, location: 2F 2-2: Strikes out swinging | Batting: LHB Bernardo Rodríguez | 0-0: Foul Ball, location: 2F 0-1: Ball 1-1: Swinging Strike 1-2: Ball 2-2: Fly out, F6 (Popup, 6M) | Batting: LHB Bob Campbell | 0-0: SINGLE (Line Drive, 6D) | Batting: RHB Eleuterio Supardo | 0-0: Called Strike Bob Campbell steals 2nd base 0-1: Ball 1-1: Called Strike 1-2: Ball 2-2: Ball 3-2: Foul Ball, location: 2F 3-2: Foul Ball, location: 2F 3-2: Foul Ball, location: 2F 3-2: Foul Ball, location: 2F 3-2: Strikes out swinging | Bottom of the 1st over - 0 runs, 1 hit, 0 errors, 1 left on base; San Diego 7 - Menlo 0 | TOP OF THE 2ND |
---|
San Diego Smashers batting - Pitching for Menlo Maniacs : RHP Juan Caballero | Batting: LHB John White | 0-0: Ball 1-0: Fly out, F5 (Popup, 56) | Batting: LHB Steven Smith | 0-0: Fly out, F2 (Popup, 25F) | Batting: RHB Gerald Davis | 0-0: Foul Ball, location: 2F 0-1: TRIPLE (Line Drive, 89XD) | Batting: LHB Richard Brooks | 0-0: Ball 1-0: Called Strike 1-1: Ball 2-1: Called Strike Balk! Gerald Davis scores 2-2: Ball 3-2: DOUBLE (Flyball, 8RXD) | Batting: RHB Ray Rogers | 0-0: Ball 1-0: SINGLE (Groundball, 6D) Richard Brooks to third Runner from 3rd tries for Home, SAFE, no throw | Batting: SHB Michael Aisher | 0-0: Called Strike 0-1: Ball 1-1: Called Strike 1-2: Ground out U3 (Groundball, 34) | Top of the 2nd over - 2 runs, 3 hits, 0 errors, 1 left on base; San Diego 9 - Menlo 0 | BOTTOM OF THE 2ND |
---|
Menlo Maniacs batting - Pitching for San Diego Smashers : RHP Tony Fullerton | Batting: RHB Joe Noble | 0-0: Ball 1-0: Swinging Strike 1-1: Called Strike 1-2: Foul Ball, location: 2F 1-2: Ball 2-2: Fly out, F7 (Flyball, 7LM) | Batting: RHB Gerald Miller | 0-0: Foul Ball, location: 2F 0-1: Ball 1-1: Swinging Strike 1-2: Ball 2-2: SINGLE (Line Drive, 78M) | Batting: RHB Currito Campos | 0-0: Ball 1-0: Ball 2-0: Called Strike 2-1: Called Strike 2-2: Reached on error, E9 (Flyball, 9S) Gerald Miller to second | Batting: LHB Ken Smith | 0-0: Grounds into double play, 4-6-3 (Groundball, 4) | Bottom of the 2nd over - 0 runs, 1 hit, 1 error, 1 left on base; San Diego 9 - Menlo 0 | TOP OF THE 3RD |
---|
San Diego Smashers batting - Pitching for Menlo Maniacs : RHP Juan Caballero | Batting: RHB Dave King | 0-0: Called Strike 0-1: Swinging Strike 0-2: Strikes out swinging | Batting: LHB Dale Miller | 0-0: Called Strike 0-1: Ball 1-1: Ball 2-1: Ball 3-1: Base on Balls | Batting: RHB Gustavo Torres | 0-0: Called Strike 0-1: Foul Ball, location: 2F 0-2: Ball 1-2: Strikes out swinging | Batting: LHB John White | 0-0: Ball 1-0: Foul Ball, location: 2F 1-1: Ball 2-1: 2-RUN HOME RUN (Flyball, 9D), Distance : 398 ft | Batting: LHB Steven Smith | 0-0: Called Strike 0-1: SINGLE (Groundball, 34D) | Batting: RHB Gerald Davis | 0-0: Ball 1-0: Called Strike 1-1: Swinging Strike 1-2: Foul Ball, location: 2F 1-2: Strikes out looking | Top of the 3rd over - 2 runs, 2 hits, 0 errors, 1 left on base; San Diego 11 - Menlo 0 | BOTTOM OF THE 3RD |
---|
Menlo Maniacs batting - Pitching for San Diego Smashers : RHP Tony Fullerton | Batting: RHB Glenn Carter | 0-0: Called Strike 0-1: Called Strike 0-2: Ball 1-2: Fly out, F5 (Popup, 56) | Batting: SHB Ryan Holcomb | 0-0: Swinging Strike 0-1: Ball 1-1: Called Strike 1-2: SOLO HOME RUN (Line Drive, 9LD), Distance : 361 ft | Batting: LHB Bernardo Rodríguez | 0-0: Ball 1-0: Foul Ball, location: 2F 1-1: Hit by Pitch | Batting: LHB Bob Campbell | 0-0: Ball 1-0: Called Strike 1-1: Called Strike 1-2: Ball 2-2: Strikes out looking | Batting: RHB Eleuterio Supardo | 0-0: Ball 1-0: Foul Ball, location: 2F 1-1: SINGLE (Groundball, 6D) Bernardo Rodríguez to second | Batting: RHB Joe Noble | 0-0: Ball 1-0: Fielders Choice at 2nd, 6-4 (Groundball, 6) | Bottom of the 3rd over - 1 run, 2 hits, 0 errors, 2 left on base; San Diego 11 - Menlo 1 | TOP OF THE 4TH |
---|
San Diego Smashers batting - Pitching for Menlo Maniacs : RHP Juan Caballero | Batting: LHB Richard Brooks | 0-0: Called Strike 0-1: Ball 1-1: Ball 2-1: Ground out 3-1 (Groundball, 23) | Batting: RHB Ray Rogers | 0-0: SINGLE (Groundball, 6D) | Batting: SHB Michael Aisher | 0-0: Ball 1-0: Ball 2-0: Ball 3-0: Base on Balls Ray Rogers to second | Batting: RHB Dave King | 0-0: Called Strike 0-1: DOUBLE (Flyball, 9D) Ray Rogers scores Michael Aisher to third | Pitching: RHP Gerard Gustafson | | Batting: LHB Dale Miller | 0-0: Ball 1-0: Swinging Strike 1-1: Ball 2-1: Foul Ball, location: 2F 2-2: Foul Ball, location: 2F 2-2: Foul Ball, location: 2F 2-2: Ball 3-2: Base on Balls | Batting: RHB Gustavo Torres | 0-0: Called Strike 0-1: Ball 1-1: Ground out 4-3 (Groundball, 4S) Michael Aisher scores Dave King to third Dale Miller to second | Batting: LHB John White | 0-0: Called Strike 0-1: SINGLE (Groundball, 4D) Dave King scores Dale Miller to third Runner from 3rd tries for Home, SAFE, no throw | Batting: LHB Steven Smith | 0-0: Ball 1-0: SINGLE (Line Drive, 8LS) John White to second | Batting: RHB Gerald Davis | 0-0: DOUBLE (Line Drive, 89D) John White scores Steven Smith to third Runner from 3rd tries for Home, SAFE, no throw | Batting: LHB Richard Brooks | 0-0: Called Strike 0-1: Ball 1-1: Foul Ball, location: 2F 1-2: Ground out 1-3 (Groundball, 13S) | Top of the 4th over - 6 runs, 5 hits, 0 errors, 1 left on base; San Diego 17 - Menlo 1 | BOTTOM OF THE 4TH |
---|
Menlo Maniacs batting - Pitching for San Diego Smashers : RHP Tony Fullerton | Batting: RHB Gerald Miller | 0-0: Foul Ball, location: 2F 0-1: Foul Ball, location: 2F 0-2: Foul Ball, location: 2F 0-2: Strikes out swinging | Batting: RHB Currito Campos | 0-0: Ball 1-0: Swinging Strike 1-1: Ball 2-1: Fly out, F7 (Line Drive, 78S) | Batting: LHB Ken Smith | 0-0: Ground out 3-1 (Groundball, 34) | Bottom of the 4th over - 0 runs, 0 hits, 0 errors, 0 left on base; San Diego 17 - Menlo 1 | TOP OF THE 5TH |
---|
San Diego Smashers batting - Pitching for Menlo Maniacs : RHP Gerard Gustafson | Batting: RHB Ray Rogers | 0-0: Swinging Strike 0-1: Ball 1-1: Swinging Strike 1-2: Ball 2-2: Strikes out swinging | Batting: SHB Michael Aisher | 0-0: Ball 1-0: Ball 2-0: Ball 3-0: Base on Balls | Batting: RHB Dave King | 0-0: Called Strike 0-1: Ball 1-1: Foul Ball, location: 2F 1-2: Ball 2-2: Ball 3-2: Foul Ball, location: 2F 3-2: Base on Balls Michael Aisher to second | Batting: LHB Dale Miller | 0-0: Ball Dave King is caught stealing 2nd base 1-0: Called Strike 1-1: Foul Ball, location: 2F 1-2: Strikes out swinging | Top of the 5th over - 0 runs, 0 hits, 0 errors, 1 left on base; San Diego 17 - Menlo 1 | BOTTOM OF THE 5TH |
---|
Menlo Maniacs batting - Pitching for San Diego Smashers : RHP Tony Fullerton | Batting: RHB Glenn Carter | 0-0: Fly out, F9 (Flyball, 9S) | Batting: SHB Ryan Holcomb | 0-0: Called Strike 0-1: Ball 1-1: Swinging Strike 1-2: Ball 2-2: Ball 3-2: Foul Ball, location: 2F 3-2: Foul Ball, location: 2F 3-2: Base on Balls | Batting: LHB Bernardo Rodríguez | 0-0: Fly out, F8 (Flyball, 8LD) | Batting: LHB Bob Campbell | 0-0: Foul Ball, location: 2F 0-1: Fly out, F6 (Line Drive, 6M) | Bottom of the 5th over - 0 runs, 0 hits, 0 errors, 1 left on base; San Diego 17 - Menlo 1 | TOP OF THE 6TH |
---|
San Diego Smashers batting - Pitching for Menlo Maniacs : RHP Gerard Gustafson | Batting: RHB Gustavo Torres | 0-0: Ground out 4-3 (Groundball, 4) | Batting: LHB John White | 0-0: Ball 1-0: Ball 2-0: Ball 3-0: Called Strike 3-1: Base on Balls | Batting: LHB Steven Smith | 0-0: Ball 1-0: Ball 2-0: Ball 3-0: Called Strike 3-1: Base on Balls John White to second | Batting: RHB Gerald Davis | 0-0: Called Strike 0-1: Ball 1-1: Ball 2-1: Swinging Strike 2-2: Ground out 5-3 (Groundball, 56S) John White to third Steven Smith to second | Batting: LHB Richard Brooks | 0-0: Foul Ball, location: 2F 0-1: Foul Ball, location: 2F 0-2: 3-RUN HOME RUN (Flyball, 7LD), Distance : 367 ft | Batting: RHB Ray Rogers | 0-0: Foul Ball, location: 2F 0-1: Ball 1-1: Ball 2-1: Called Strike 2-2: Foul Ball, location: 2F 2-2: Ball 3-2: Ground out 4-3 (Groundball, 4) | Top of the 6th over - 3 runs, 1 hit, 0 errors, 0 left on base; San Diego 20 - Menlo 1 | BOTTOM OF THE 6TH |
---|
Menlo Maniacs batting - Pitching for San Diego Smashers : RHP Tony Fullerton | Batting: RHB Eleuterio Supardo | 0-0: Foul Ball, location: 2F 0-1: Called Strike 0-2: Foul Ball, location: 2F 0-2: Strikes out swinging | Batting: RHB Joe Noble | 0-0: Called Strike 0-1: DOUBLE (Line Drive, 89XD) | Batting: RHB Gerald Miller | 0-0: Called Strike 0-1: Ball 1-1: Ball 2-1: Foul Ball, location: 2F 2-2: Ball 3-2: Foul Ball, location: 2F 3-2: SINGLE (Groundball, 6MD) Joe Noble to third Runner from 3rd tries for Home, throw and OUT! Gerald Miller to second | Batting: RHB Currito Campos | 0-0: Swinging Strike 0-1: Swinging Strike 0-2: Strikes out swinging | Bottom of the 6th over - 0 runs, 2 hits, 0 errors, 1 left on base; San Diego 20 - Menlo 1 | TOP OF THE 7TH |
---|
San Diego Smashers batting - Pitching for Menlo Maniacs : RHP Gerard Gustafson | Batting: SHB Michael Aisher | 0-0: Called Strike 0-1: Ball 1-1: Foul Ball, location: 2F 1-2: Ball 2-2: Strikes out looking | Pitching: RHP Jesús Martínez | | Batting: RHB Dave King | 0-0: Called Strike 0-1: Foul Ball, location: 2F 0-2: Foul Ball, location: 2F 0-2: Ball 1-2: Ball 2-2: Foul Ball, location: 2F 2-2: Ball 3-2: Strikes out swinging | Batting: LHB Dale Miller | 0-0: Called Strike 0-1: Foul Ball, location: 2F 0-2: Ball 1-2: Ground out 4-3 (Groundball, 4) | Top of the 7th over - 0 runs, 0 hits, 0 errors, 0 left on base; San Diego 20 - Menlo 1 | BOTTOM OF THE 7TH |
---|
Menlo Maniacs batting - Pitching for San Diego Smashers : RHP Tony Fullerton | Batting: LHB Ken Smith | 0-0: Ball 1-0: Ball 2-0: Called Strike 2-1: Ground out 4-3 (Groundball, 4S) | Batting: RHB Glenn Carter | 0-0: Called Strike 0-1: Swinging Strike 0-2: Ball 1-2: Foul Ball, location: 2F 1-2: Strikes out swinging | Batting: SHB Ryan Holcomb | 0-0: Ball 1-0: Called Strike 1-1: Ball 2-1: Ground out 1-3 (Groundball, P) | Bottom of the 7th over - 0 runs, 0 hits, 0 errors, 0 left on base; San Diego 20 - Menlo 1 | TOP OF THE 8TH |
---|
San Diego Smashers batting - Pitching for Menlo Maniacs : RHP Jesús Martínez | Pinch Hitting: RHB Juan Morales | 0-0: Ball 1-0: Called Strike 1-1: SINGLE (Line Drive, 89S) | Batting: LHB John White | 0-0: Called Strike Juan Morales steals 2nd base 0-1: Ball Juan Morales steals 3rd base 1-1: SINGLE (Groundball, 4MD) Juan Morales scores | Batting: LHB Steven Smith | 0-0: Swinging Strike 0-1: Foul Ball, location: 2F 0-2: Ball 1-2: Ball 2-2: Strikes out looking | Batting: RHB Gerald Davis | 0-0: Grounds into double play, 3-6-1 (Groundball, 34) | Top of the 8th over - 1 run, 2 hits, 0 errors, 0 left on base; San Diego 21 - Menlo 1 | BOTTOM OF THE 8TH |
---|
Menlo Maniacs batting - Pitching for San Diego Smashers : RHP Tony Fullerton | Now at SS: Walt Rodgers | | Now in CF: Juan Morales | | Batting: LHB Bernardo Rodríguez | 0-0: Ball 1-0: Fly out, F7 (Flyball, 7) | Batting: LHB Bob Campbell | 0-0: Called Strike 0-1: Foul Ball, location: 2F 0-2: Ball 1-2: Foul Ball, location: 2F 1-2: Foul Ball, location: 2F 1-2: Foul Ball, location: 2F 1-2: Foul Ball, location: 2F 1-2: Ball 2-2: Ball 3-2: Foul Ball, location: 2F 3-2: Ground out 4-3 (Groundball, 4MS) | Batting: RHB Eleuterio Supardo | 0-0: Ball 1-0: SINGLE (Line Drive, 4) | Pitching: RHP Andre Huff | | Batting: RHB Joe Noble | 0-0: Swinging Strike 0-1: Fly out, F8 (Flyball, 8LD) | Bottom of the 8th over - 0 runs, 1 hit, 0 errors, 1 left on base; San Diego 21 - Menlo 1 | TOP OF THE 9TH |
---|
San Diego Smashers batting - Pitching for Menlo Maniacs : RHP Jesús Martínez | Batting: LHB Richard Brooks | 0-0: Ball 1-0: Called Strike 1-1: Ball 2-1: Called Strike 2-2: SINGLE (Groundball, 34D) | Batting: RHB Ray Rogers | 0-0: Ball 1-0: Called Strike 1-1: Ball 2-1: Grounds into double play, 4-6-3 (Groundball, 34) | Batting: SHB Michael Aisher | 0-0: Swinging Strike 0-1: Ball 1-1: Ground out 1-3 (Groundball, 13) | Top of the 9th over - 0 runs, 1 hit, 0 errors, 0 left on base; San Diego 21 - Menlo 1 | BOTTOM OF THE 9TH |
---|
Menlo Maniacs batting - Pitching for San Diego Smashers : RHP Andre Huff | Now in RF: Guillermo Deleón | | Batting: RHB Gerald Miller | 0-0: Called Strike 0-1: Called Strike 0-2: Ball 1-2: Hit by Pitch | Pinch Hitting: LHB Alonso Carbajal | 0-0: Ball 1-0: Ball 2-0: Called Strike 2-1: Foul Ball, location: 2F 2-2: Ball 3-2: Strikes out looking | Batting: LHB Ken Smith | 0-0: Ball 1-0: Called Strike 1-1: SINGLE (Groundball, 6M) (infield hit) Gerald Miller to second | Batting: RHB Glenn Carter | 0-0: Swinging Strike 0-1: Ball 1-1: Called Strike 1-2: Ball 2-2: Strikes out looking | Batting: SHB Ryan Holcomb | 0-0: Ball 1-0: Ball 2-0: Ball 3-0: Called Strike 3-1: Base on Balls Gerald Miller to third Ken Smith to second | Batting: LHB Bernardo Rodríguez | 0-0: Called Strike 0-1: Fly out, F6 (Popup, 6M) | Bottom of the 9th over - 0 runs, 1 hit, 0 errors, 3 left on base; San Diego 21 - Menlo 1 | |